 Dungeon Crawl Stone Soup version 0.30-a0-297-g0ec75d9ef4 (webtiles) character file.

Game seed: 4007448873828975566

198 MrRokkomies the Sneak (level 5, 0/49 HPs)
             Began as an Armataur Delver on Oct 18, 2022.
             Slain by an orc
             ... wielding a +0 short sword
              (4 damage)
             ... on level 4 of the Dungeon.
             The game lasted 00:05:32 (2519 turns).

MrRokkomies the Sneak (Armataur Delver)             Turns: 2519, Time: 00:05:33

Health: 0/49       AC:  8    Str: 14 (18) XL:     5   Next: 47%
Magic:  5/5        EV:  7    Int:  4 (10) God:
Gold:   260        SH:  0    Dex:  7 (13) Spells: 4/4 levels left

rFire   . . .      SeeInvis .    u - +0 flail
rCold   . . .      Faith    .    (no shield)
rNeg    . . .      Spirit   .    q - +0 scale mail
rPois   .          Reflect  .    (no helmet)
rElec   .          Harm     .    (no cloak)
rCorr   .          Roll     +    n - +0 pair of gloves
Will    .....                    (no barding)
Stlth   +.........               (no amulet)
HPRegen 0.28/turn                (no ring)
MPRegen 0.09/turn                (no ring)

@: attractive
A: large, rugged brown scales 3, deformed body, armoured tail, roll, long
tongue, awkward tongue
a: no special abilities


You were on level 4 of the Dungeon.
You visited 1 branch of the dungeon, and saw 5 of its levels.

You collected 260 gold pieces.

Inventory:

Hand Weapons
 a - a +0 mace
 u - a +0 flail (weapon)
Armour
 b - a +0 leather armour
 n - a +0 pair of gloves (worn)
 q - a +0 scale mail (worn)
Wands
 g - a wand of digging (3)
 j - a wand of flame (17)
Scrolls
 c - a scroll of fog
 d - 2 scrolls of magic mapping
 e - 2 scrolls of fear
 h - 5 scrolls of identify {unknown}
 l - a scroll of butterflies {unknown}
 m - a scroll of torment {unknown}
 p - a scroll of blinking {unknown}
 s - a scroll of amnesia {unknown}
 t - a scroll of enchant weapon {unknown}
Potions
 f - a potion of haste
 k - a potion of brilliance {unknown}
 o - 4 potions of attraction
 r - a potion of invisibility {unknown}


   Skills:
 * Level 4.1 Fighting
 - Level 1.7 Maces & Flails
 * Level 3.9 Armour
 + Level 2.2 Dodging
 - Level 5.4 Stealth


You had 4 spell levels left.
You didn't know any spells.
Your spell library was empty.

Dungeon Overview and Level Annotations

Branches:
Dungeon (5/15)
 Temple: D:4-7

Altars:
Makhleb


Innate Abilities, Weirdness & Mutations

You are completely covered in rugged brown scales. (AC +3, +7% HP)
Armour fits poorly on your strangely shaped body.
You have a long armoured tail.
You roll when moving toward enemies. (Rampage)
Your long tongue fully drains potion bottles. (2x potion effects)
Your tongue gives you trouble enunciating. (1.5x scroll delay)


Message History

You closely miss the orc priest. You tail-slap the orc priest.
The orc priest is lightly wounded.
The orc hits you but does no damage. The orc priest hits you with a +0 mace.
The orc hits you with a +0 short sword. The orc priest barely misses you.
You hit the orc priest but do no damage.
The orc priest is lightly wounded.
The orc hits you but does no damage.
The orc priest hits you but does no damage.
You completely miss the orc priest.
Your tail-slap misses the orc priest.
The orc priest is lightly wounded.
The orc priest hits you with a +0 mace! The orc hits you with a +0 short sword.
You sock the orc priest!
Your tail-slap misses the orc priest.
The orc priest is severely wounded.
The orc hits you but does no damage. The orc priest hits you with a +0 mace.
* * * LOW HITPOINT WARNING * * *
The orc hits you but does no damage. The orc priest hits you with a +0 mace.
* * * LOW HITPOINT WARNING * * *
You sock the orc priest!
You kill the orc priest!
The orc hits you but does no damage. The orc attacks as you move away!
The orc barely misses you.
Things that are here:
a +0 mace; an orc corpse You barely miss the orc.
The orc hits you but does no damage.
You closely miss the orc. You punch the orc.
The orc is almost dead.
The orc hits you with a +0 short sword.
* * * LOW HITPOINT WARNING * * *
The orc hits you with a +0 short sword.
* * * LOW HITPOINT WARNING * * *
You slurp down every last drop of the 5 inky potions!
It was a potion of attraction.
You feel attractive to monsters. The orc barely misses you.
You slurp down every last drop of the bubbling grey potion!
It was a potion of degeneration.
There was something very wrong with that liquid.
You feel weakened.
You feel dopey.
You feel clumsy. The orc hits you with a +0 short sword.
You die...

##########
#.
#........+
#.
+........#
#.
#........+
#.
#........#
#.
#..)$[...#
#.
#...<....#
#.
#....)o..#
##.
#.....@..#
#..
#........#
#..
##########
#.. #..
### # # #


You could see an orc.

Vanquished Creatures
  2 orc priests
  8 adders
  2 worms
  A dart slug (D:3)
  4 orcs
  6 endoplasms
  4 giant cockroaches
  5 goblins
  5 hobgoblins
  2 jackals (D:1)
  2 quokkas
  4 ball pythons
  3 bats
  3 frilled lizards
  2 kobolds (D:1)
  3 rats
56 creatures vanquished.

Notes
Turn   | Place    | Note
-------+----------+-------------------------------------------
     0 | D:5      | MrRokkomies the Armataur Delver began the quest for the
                  | Orb.
     0 | D:5      | Reached XP level 1. HP: 19/19 MP: 1/1
   307 | D:3      | Reached skill level 1 in Armour
   307 | D:3      | Reached XP level 2. HP: 8/26 MP: 2/2
   536 | D:1      | Found a faded altar of an unknown god.
  1116 | D:2      | Reached XP level 3. HP: 17/33 MP: 3/3
  1311 | D:2      | Reached XP level 4. HP: 37/40 MP: 4/4
  2151 | D:3      | Found a faded altar of an unknown god.
  2167 | D:3      | Found a burning altar of Makhleb.
  2341 | D:3      | Reached XP level 5. HP: 29/49 MP: 5/5
  2519 | D:4      | Slain by an orc

Illustrated notes

Levels and vault maps discovered:
D:1:      dpeg_arrival_long_road, layout_basic, basic_ecumenical_altar
D:2:      layout_basic
D:3:      minmay_chambers_of_twos, layout_basic,
          nicolae_overflow_ecumenical_swirl, uniq_crazy_yiuf_cottage
D:4:      layout_basic, yredelemnul_forgotten_temple_becter
D:5:      layout_basic, mainiacjoe_overflow_paths, serial_shops, shop,
          uniq_grinder

Skill      XL: |  1  2  3  4 |
---------------+-------------+-----
Armour         | 1 2 3 |  3.9
Fighting       | 3 4 |  4.1
Dodging        | 2 |  2.2
Maces & Flails | |  1.7
Stealth        | |  5.4

Action                   |  1- 3 |  4- 6 || total
-------------------------+-------+-------++-------
Melee: Mace              |    92 |    90 ||   182
       Tailslap          |     9 |     7 ||    16
       Flail             |       |    19 ||    19
       Punch             |       |     1 ||     1
  Use: Scroll            |     1 |       ||     1
       Potion            |       |     2 ||     2
 Stab: Sleeping          |     7 |     1 ||     8
Armor: Leather armour    |    53 |    14 ||    67
       Scale mail        |       |    41 ||    41
Dodge: Dodged            |    63 |    47 ||   110

Table legend: (Time is in decaauts)
 A = Elapsed time spent in this place.
 B = Non-inter-level travel time spent in this place.
 C = Inter-level travel time spent in this place.
 D = Time resting spent in this place.
 E = Time spent auto-exploring this place.
 F = Levels seen in this place.
 G = Mean time per level.
                   A        B        C        D        E       F      G
               +--------+--------+--------+--------+--------+-----+--------+
         Total |   2583 |   2535 |     48 |    252 |   1720 |   5 |  516.6 |
       Dungeon |   2583 |   2535 |     48 |    252 |   1720 |   5 |  516.6 |
               +--------+--------+--------+--------+--------+-----+--------+

Top non-repeatable levels by time:
     D:2: 848 daAuts
     D:3: 664 daAuts
     D:1: 616 daAuts
     D:4: 415 daAuts
     D:5: 38 daAuts
